[ AOE2 MATCH · #484708782 ]
UnrankedPortuguese vs Hindustanis
Player's team · LOSS
[ REPLAY ANALYSIS · EXTRACTED FROM THE RECORDED GAME ]
Feudal
9:15
Castle
21:48
Imperial
39:02
| APM avg | 46.3 |
| APM peak | 91 |
| eAPM avg | 29.8 |
| Villagers / military | 146 / 151 |
Focus
⚔️ 39.1% · 🌾 60.9%
Spearman ×84 · Organ Gun ×51 · Monk ×9 · Scout Cavalry ×4 · Trebuchet (Packed) ×3
Feudal
—
Castle
—
Imperial
—
| APM avg | 57.7 |
| APM peak | 115 |
| eAPM avg | 28.6 |
| Villagers / military | 212 / 151 |
Focus
⚔️ 43.0% · 🌾 57.0%
Camel Scout ×95 · Ghulam ×37 · Monk ×7 · Scout Cavalry ×5 · Trebuchet (Packed) ×3 · Spearman ×2
Match map
Initial resources + every placement click. Lines = walls · curves = elevation contours. ◆ gold · ⬟ stone · ● berries · ✦ relic · ◌ wall gap
Your base· ✓ Closed at 21:48 · 90t walls · 5 gate(s)
Fabrizio 094455's base· Open — opponent sealed themselves in
Smoothed initial terrain · ◌ = detected wall gap · hover for details
Inputs per minute
— Hunger - - Fabrizio 094455
Build order — Hunger
First 150 of 499 actions detected
| 0:00 | Create | Villager (Male) |
| 0:01 | Create | Villager (Male) |
| 0:02 | Build | House |
| 0:03 | Build | House |
| 0:09 | Create | Villager (Male) |
| 0:10 | Create | Villager (Male) |
| 1:45 | Create | Villager (Male) |
| 2:01 | Create | Villager (Male) |
| 2:18 | Create | Villager (Male) |
| 2:42 | Build | House |
| 2:49 | Create | Villager (Male) |
| 3:06 | Create | Villager (Male) |
| 3:25 | Build | Lumber Camp |
| 3:39 | Create | Villager (Male) |
| 3:39 | Create | Villager (Male) |
| 4:21 | Create | Villager (Male) |
| 4:32 | Create | Villager (Male) |
| 4:54 | Create | Villager (Male) |
| 5:33 | Build | Mill |
| 5:41 | Create | Villager (Male) |
| 6:02 | Build | House |
| 6:16 | Create | Villager (Male) |
| 6:41 | Research | Loom |
| 7:02 | Research | Feudal Age |
| 7:56 | Build | Palisade Wall |
| 7:57 | Build | Palisade Wall |
| 8:08 | Create | Villager (Male) |
| 8:23 | Build | Barracks |
| 9:15 | Age | Feudal Age |
| 9:18 | Build | Stable |
| 9:32 | Create | Spearman |
| 9:38 | Create | Villager (Male) |
| 9:40 | Build | Palisade Wall |
| 9:51 | Build | Palisade Wall |
| 9:53 | Build | Palisade Wall |
| 10:09 | Create | Villager (Male) |
| 10:12 | Build | House |
| 10:16 | Build | Palisade Wall |
| 10:22 | Create | Villager (Male) |
| 10:25 | Create | Scout Cavalry |
| 10:25 | Create | Scout Cavalry |
| 10:31 | Create | Villager (Male) |
| 10:37 | Build | Palisade Gate |
| 10:50 | Create | Villager (Male) |
| 11:08 | Create | Villager (Male) |
| 11:14 | Build | Lumber Camp |
| 11:22 | Build | Palisade Wall |
| 11:24 | Create | Scout Cavalry |
| 11:48 | Create | Villager (Male) |
| 11:50 | Create | Villager (Male) |
| 12:02 | Build | House |
| 12:09 | Build | Farm |
| 12:09 | Build | Farm |
| 12:09 | Build | Farm |
| 12:17 | Build | Mill |
| 12:23 | Build | Palisade Wall |
| 12:31 | Create | Spearman |
| 12:37 | Build | House |
| 12:41 | Research | Town Watch |
| 12:41 | Research | Town Watch |
| 12:43 | Build | Palisade Wall |
| 13:11 | Build | Farm |
| 13:20 | Create | Villager (Male) |
| 13:24 | Build | Farm |
| 13:26 | Build | Farm |
| 13:28 | Build | Farm |
| 13:34 | Create | Spearman |
| 14:02 | Create | Villager (Male) |
| 14:06 | Build | Palisade Gate |
| 14:14 | Create | Villager (Male) |
| 14:22 | Build | Farm |
| 14:32 | Create | Villager (Male) |
| 14:34 | Build | Farm |
| 14:38 | Build | Farm |
| 14:54 | Build | Palisade Gate |
| 15:00 | Build | House |
| 15:09 | Build | Palisade Gate |
| 15:17 | Build | Palisade Gate |
| 15:20 | Create | Villager (Male) |
| 15:21 | Create | Villager (Male) |
| 15:32 | Build | Palisade Gate |
| 15:33 | Create | Villager (Male) |
| 15:35 | Build | House |
| 15:49 | Build | Farm |
| 15:53 | Build | Farm |
| 15:55 | Research | Double-Bit Axe |
| 16:07 | Build | Farm |
| 16:08 | Build | Farm |
| 16:08 | Build | Farm |
| 16:08 | Build | Farm |
| 16:20 | Create | Scout Cavalry |
| 16:26 | Create | Villager (Male) |
| 16:36 | Build | Mining Camp |
| 16:49 | Build | House |
| 16:51 | Build | Palisade Wall |
| 17:04 | Create | Villager (Male) |
| 17:29 | Create | Villager (Male) |
| 17:56 | Create | Villager (Male) |
| 18:01 | Build | Market |
| 18:28 | Create | Villager (Male) |
| 18:35 | Build | House |
| 18:37 | Build | Palisade Wall |
| 18:39 | Build | Palisade Wall |
| 18:45 | Build | House |
| 19:08 | Research | Castle Age |
| 19:11 | Build | House |
| 19:14 | Build | Palisade Wall |
| 19:37 | Build | Mining Camp |
| 20:00 | Build | House |
| 20:03 | Build | Palisade Wall |
| 20:08 | Research | Horse Collar |
| 20:09 | Research | Gold Mining |
| 21:48 | Age | Castle Age |
| 21:52 | Create | Villager (Male) |
| 22:04 | Build | Castle |
| 22:06 | Create | Villager (Male) |
| 22:21 | Build | Town Center |
| 22:34 | Research | Bow Saw |
| 22:38 | Create | Villager (Male) |
| 23:11 | Create | Villager (Male) |
| 23:13 | Research | Wheelbarrow |
| 23:17 | Create | Organ Gun |
| 23:17 | Create | Organ Gun |
| 23:30 | Create | Villager (Male) |
| 24:00 | Create | Organ Gun |
| 24:31 | Create | Organ Gun |
| 24:34 | Create | Villager (Male) |
| 24:40 | Create | Villager (Male) |
| 24:44 | Create | Villager (Male) |
| 24:51 | Create | Organ Gun |
| 24:59 | Create | Villager (Male) |
| 25:04 | Build | Town Center |
| 25:13 | Create | Villager (Male) |
| 25:41 | Create | Organ Gun |
| 25:46 | Create | Organ Gun |
| 25:47 | Create | Villager (Male) |
| 25:50 | Create | Organ Gun |
| 25:51 | Create | Villager (Male) |
| 25:55 | Create | Villager (Male) |
| 25:56 | Create | Villager (Male) |
| 26:01 | Create | Villager (Male) |
| 26:27 | Create | Villager (Male) |
| 26:31 | Create | Villager (Male) |
| 26:39 | Build | Monastery |
| 26:41 | Create | Villager (Male) |
| 26:45 | Create | Villager (Male) |
| 26:47 | Create | Organ Gun |
| 26:50 | Create | Villager (Male) |
| 26:56 | Build | Farm |
| 26:56 | Build | Farm |
Build order — Fabrizio 094455
First 150 of 608 actions detected
| 0:01 | Create | Villager (Male) |
| 0:01 | Create | Villager (Male) |
| 0:03 | Build | House |
| 0:04 | Build | House |
| 0:05 | Create | Villager (Male) |
| 0:06 | Create | Villager (Male) |
| 1:07 | Create | Villager (Male) |
| 1:08 | Create | Villager (Male) |
| 1:28 | Create | Villager (Male) |
| 1:28 | Create | Villager (Male) |
| 1:54 | Build | Lumber Camp |
| 2:03 | Build | Lumber Camp |
| 2:14 | Create | Villager (Male) |
| 2:14 | Create | Villager (Male) |
| 2:15 | Create | Villager (Male) |
| 2:47 | Create | Villager (Male) |
| 2:47 | Create | Villager (Male) |
| 3:01 | Create | Villager (Male) |
| 3:01 | Create | Villager (Male) |
| 3:01 | Create | Villager (Male) |
| 3:39 | Build | House |
| 3:48 | Create | Villager (Male) |
| 3:48 | Create | Villager (Male) |
| 3:48 | Create | Villager (Male) |
| 3:59 | Build | Palisade Wall |
| 4:00 | Build | Palisade Wall |
| 4:07 | Create | Villager (Male) |
| 4:07 | Create | Villager (Male) |
| 4:47 | Build | Mill |
| 5:03 | Create | Villager (Male) |
| 5:36 | Create | Villager (Male) |
| 5:47 | Research | Loom |
| 6:31 | Research | Feudal Age |
| 7:36 | Build | Barracks |
| 7:57 | Build | Palisade Wall |
| 8:02 | Create | Villager (Male) |
| 8:09 | Create | Villager (Male) |
| 8:35 | Build | House |
| 8:47 | Build | Stable |
| 9:23 | Build | Palisade Wall |
| 9:25 | Create | Villager (Male) |
| 9:26 | Create | Spearman |
| 9:29 | Create | Scout Cavalry |
| 9:35 | Build | House |
| 9:39 | Build | House |
| 9:46 | Build | Palisade Wall |
| 9:47 | Build | Palisade Wall |
| 9:48 | Build | Palisade Wall |
| 9:58 | Create | Scout Cavalry |
| 10:00 | Create | Villager (Male) |
| 10:02 | Research | Double-Bit Axe |
| 10:02 | Research | Double-Bit Axe |
| 10:19 | Build | House |
| 10:22 | Build | Palisade Wall |
| 10:26 | Create | Villager (Male) |
| 10:28 | Build | Farm |
| 10:36 | Create | Scout Cavalry |
| 10:51 | Build | Blacksmith |
| 10:52 | Build | Palisade Wall |
| 11:03 | Create | Villager (Male) |
| 11:07 | Create | Villager (Male) |
| 11:07 | Create | Villager (Male) |
| 11:11 | Build | Farm |
| 11:52 | Create | Scout Cavalry |
| 11:59 | Build | House |
| 12:02 | Build | Farm |
| 12:06 | Build | Farm |
| 12:09 | Create | Villager (Male) |
| 12:09 | Create | Villager (Male) |
| 12:11 | Build | House |
| 12:15 | Create | Villager (Male) |
| 12:18 | Build | Farm |
| 12:21 | Build | Farm |
| 12:29 | Create | Villager (Male) |
| 12:32 | Create | Scout Cavalry |
| 12:36 | Build | Farm |
| 12:37 | Create | Villager (Male) |
| 12:38 | Create | Villager (Male) |
| 12:47 | Build | House |
| 12:49 | Build | Palisade Wall |
| 12:51 | Build | Palisade Wall |
| 13:04 | Create | Villager (Male) |
| 13:15 | Create | Villager (Male) |
| 13:30 | Build | Farm |
| 13:35 | Build | Farm |
| 13:36 | Build | Farm |
| 13:47 | Build | Farm |
| 13:56 | Build | Farm |
| 14:35 | Create | Villager (Male) |
| 14:35 | Create | Villager (Male) |
| 14:42 | Build | Farm |
| 14:59 | Build | Market |
| 15:23 | Create | Villager (Male) |
| 15:46 | Build | House |
| 15:47 | Create | Spearman |
| 15:50 | Create | Villager (Male) |
| 15:50 | Create | Villager (Male) |
| 15:56 | Build | Mining Camp |
| 15:59 | Create | Villager (Male) |
| 16:06 | Build | Palisade Gate |
| 16:07 | Build | Palisade Wall |
| 16:16 | Build | Palisade Wall |
| 16:37 | Build | Lumber Camp |
| 17:09 | Research | Castle Age |
| 17:09 | Research | Castle Age |
| 17:41 | Build | House |
| 17:45 | Build | House |
| 17:51 | Build | House |
| 17:53 | Build | House |
| 17:57 | Build | House |
| 18:03 | Research | Horse Collar |
| 18:03 | Research | Horse Collar |
| 18:30 | Research | Scale Barding Armor |
| 18:51 | Build | Stable |
| 18:53 | Research | Bloodlines |
| 18:53 | Research | Bloodlines |
| 18:58 | Build | House |
| 18:59 | Build | Palisade Wall |
| 19:38 | Build | Farm |
| 19:41 | Build | Farm |
| 19:50 | Create | Camel Scout |
| 19:53 | Create | Camel Scout |
| 19:54 | Research | Forging |
| 19:54 | Research | Forging |
| 19:55 | Create | Villager (Male) |
| 20:01 | Create | Villager (Male) |
| 20:17 | Create | Camel Scout |
| 20:27 | Build | Farm |
| 20:32 | Create | Camel Scout |
| 20:32 | Create | Camel Scout |
| 20:36 | Create | Villager (Male) |
| 20:52 | Build | Farm |
| 20:52 | Create | Camel Scout |
| 21:06 | Create | Villager (Male) |
| 21:08 | Build | Monastery |
| 21:13 | Create | Villager (Male) |
| 21:42 | Create | Villager (Male) |
| 21:42 | Create | Villager (Male) |
| 21:47 | Build | Farm |
| 21:48 | Build | Farm |
| 21:48 | Build | Farm |
| 22:01 | Create | Monk |
| 22:09 | Create | Villager (Male) |
| 22:11 | Research | Bow Saw |
| 22:11 | Research | Bow Saw |
| 22:18 | Build | Palisade Gate |
| 22:19 | Build | House |
| 22:23 | Build | Palisade Wall |
| 22:28 | Create | Villager (Male) |
| 22:35 | Create | Villager (Male) |
Match timeline
| 3:59 | Fabrizio 094455 · wall_segment Palisade Wall x2 |
| 4:00 | Fabrizio 094455 · wall_segment Palisade Wall x6 |
| 7:36 | Fabrizio 094455 · first_building Barracks |
| 7:56 | Hunger · wall_segment Palisade Wall x11 |
| 7:57 | Hunger · wall_segment Palisade Wall x2 |
| 7:57 | Fabrizio 094455 · wall_segment Palisade Wall x7 |
| 8:23 | Hunger · first_building Barracks |
| 8:47 | Fabrizio 094455 · first_building Stable |
| 9:15 | Hunger · age_up feudal |
| 9:18 | Hunger · first_building Stable |
| 9:23 | Fabrizio 094455 · wall_segment Palisade Wall x8 |
| 9:40 | Hunger · wall_segment Palisade Wall x1 |
| 9:46 | Fabrizio 094455 · wall_segment Palisade Wall x1 |
| 9:47 | Fabrizio 094455 · wall_segment Palisade Wall x1 |
| 9:48 | Fabrizio 094455 · wall_segment Palisade Wall x1 |
| 9:51 | Hunger · wall_segment Palisade Wall x7 |
| 9:53 | Hunger · wall_segment Palisade Wall x3 |
| 10:16 | Hunger · wall_segment Palisade Wall x15 |
| 10:22 | Fabrizio 094455 · wall_segment Palisade Wall x4 |
| 10:52 | Fabrizio 094455 · wall_segment Palisade Wall x1 |
| 11:22 | Hunger · wall_segment Palisade Wall x10 |
| 12:23 | Hunger · wall_segment Palisade Wall x11 |
| 12:43 | Hunger · wall_segment Palisade Wall x1 |
| 12:49 | Fabrizio 094455 · wall_segment Palisade Wall x4 |
| 12:51 | Fabrizio 094455 · wall_segment Palisade Wall x1 |
| 16:07 | Fabrizio 094455 · wall_segment Palisade Wall x1 |
| 16:16 | Fabrizio 094455 · wall_segment Palisade Wall x15 |
| 16:47 | Fabrizio 094455 · first_market_sell 100 wood |
| 16:51 | Hunger · wall_segment Palisade Wall x11 |
| 18:37 | Hunger · wall_segment Palisade Wall x9 |
| 18:39 | Hunger · wall_segment Palisade Wall x2 |
| 18:59 | Fabrizio 094455 · wall_segment Palisade Wall x1 |
| 19:14 | Hunger · wall_segment Palisade Wall x7 |
| 20:03 | Hunger · wall_segment Palisade Wall x10 |
| 21:08 | Fabrizio 094455 · first_building Monastery |
| 21:45 | Fabrizio 094455 · first_market_buy 100 wood |
| 21:48 | Hunger · age_up castle |
| 21:54 | Hunger · first_market_buy 100 stone |
| 22:04 | Hunger · first_building Castle |
| 22:23 | Fabrizio 094455 · wall_segment Palisade Wall x2 |
| 26:39 | Hunger · first_building Monastery |
| 33:17 | Fabrizio 094455 · first_building Castle |
| 35:18 | Fabrizio 094455 · first_building Siege Workshop |
| 36:04 | Hunger · wall_segment Stone Wall x8 |
| 36:09 | Hunger · wall_segment Stone Wall x13 |
| 37:27 | Hunger · wall_segment Stone Wall x3 |
| 37:44 | Hunger · wall_segment Stone Wall x20 |
| 39:02 | Hunger · age_up imperial |
| 47:32 | Hunger · resign |
[ AI ANALYSIS · 1 CREDIT ]
What really happened in this match?
Wolo.gg analyzes every decision: build order, eco, micro, common mistakes by bracket. Personalized analysis on WhatsApp or Discord in 30 seconds.
Civ guide
Portuguese
Perfil
Jugador #2658032